 Dungeon Crawl Stone Soup version 0.29.1-15-g9cfb28693d (webtiles) character file.

Game seed: 15289074129331290079

1 ChiefBigBeans the Stinger (level 1, -1/13 HPs)
             Began as a Merfolk Venom Mage on Feb 23, 2023.
             Slain by a jackal (2 damage)
             ... on level 1 of the Dungeon.
             The game lasted 00:00:34 (99 turns).

ChiefBigBeans the Stinger (Merfolk Venom Mage)        Turns: 99, Time: 00:00:35

Health: -1/13      AC:  2    Str:  8    XL:     1   Next: 20%
Magic:  1/3        EV: 12    Int: 14    God:
Gold:   8          SH:  0    Dex: 14    Spells: 3/4 levels left

rFire   . . .      SeeInvis .   (no weapon)
rCold   . . .      Faith    .   (no shield)
rNeg    . . .      Spirit   .   a - +0 robe
rPois   .          Reflect  .   (no helmet)
rElec   .          Harm     .   (no cloak)
rCorr   .          Rampage  .   (no gloves)
Will    .....                   (no boots)
Stlth   ++........              (no amulet)
HPRegen 0.04/turn               (no ring)
MPRegen 0.08/turn               (no ring)

@: no status effects
A: (nimble swimmer 2), mertail
a: no special abilities


You were on level 1 of the Dungeon.
You visited 1 branch of the dungeon, and saw 1 of its levels.

You collected 8 gold pieces.

Inventory:

Armour
 a - a +0 robe (worn)
Potions
 b - a potion of magic


   Skills:
 + Level 2.7 Dodging
 + Level 2.2 Stealth
 + Level 2.0 Spellcasting
 + Level 1.4 Transmutations
 + Level 3.3 Poison Magic


You had 3 spell levels left.
You knew the following spells:

 Your Spells              Type           Power      Damage    Failure   Level
a - Sting                 Tmut/Pois      32%        1d4       9%          1

Your spell library contained the following spells:

 Spells                   Type           Power      Damage    Failure   Level
 Poisonous Vapours        Pois/Air       12%        N/A       19%         2
 Mephitic Cloud           Conj/Pois/Air  4%         N/A       41%         3
 Olgreb's Toxic Radiance  Pois           10%        N/A       52%         4


Dungeon Overview and Level Annotations

Branches:
Dungeon (1/15)

Altars:


Innate Abilities, Weirdness & Mutations

((You are very nimble when in or above water. (Stealth+, EV+, Speed+++)))
Your lower body shifts to a powerful aquatic tail in water.


Message History

Aiming: Sting (safe; 9% risk of failure)
Press: ? - help, Q - select action Shift-Dir - straight line, f/p - spectral kobold
Aim: a spectral kobold (81% to hit)
The sting misses the spectral kobold.
A frilled lizard comes into view.
A ball python comes into view.
A giant cockroach comes into view.
Aiming: Sting (safe; 9% risk of failure)
Press: ? - help, Q - select action Shift-Dir - straight line, f/p - spectral kobold
Aim: a spectral kobold (81% to hit)
The sting misses the spectral kobold.
The frilled lizard hisses angrily.
The spectral kobold misses you. The jackal closely misses you.
Your legs become a tail as you enter the water.
A kobold comes into view. It is wielding a +0 club.
The kobold shouts!
A bat comes into view.
The jackal barely misses you.
A frilled lizard comes into view.
The jackal bites you.
Found a bubbling grey potion and a dagger.
The frilled lizard hisses angrily.
The jackal bites you but does no damage.
The jackal misses you.
You closely miss the bat. The bat barely misses you.
The jackal barely misses you. The kobold hits you with a +0 club.
The frilled lizard barely misses you.
You closely miss the frilled lizard. The bat barely misses you.
The jackal bites you. The jackal closely misses you.
The frilled lizard barely misses you. The kobold hits you but does no damage.
The jackal bites you.
You barely miss the frilled lizard. The bat hits you but does no damage.
The jackal misses you. The jackal bites you.
* * * LOW HITPOINT WARNING * * *
The kobold barely misses you. The frilled lizard closely misses you.
You closely miss the frilled lizard. The jackal bites you.
* * * LOW HITPOINT WARNING * * *
The bat hits you but does no damage. The jackal barely misses you.
The kobold closely misses you. The frilled lizard closely misses you.
You miss the frilled lizard. The bat misses you. The jackal bites you.
You die...

......# #.....#
#.....# .######...).#
!..........#
#......b...#
#.....K.l..#
#....#@########
#.....hh......###
..#.####h...#....#
..~.~~~~~...#.#
#~.~..~#B#~~# #####
8.#######.8#.## #....
~?~.._~~~Z~#..####.###
#~.~.~.~###~.........
#~~~~.~.#~~.#.....###


You could see 3 jackals, a giant cockroach, a bat, a kobold and a frilled
lizard.

Vanquished Creatures
  A quokka (D:1)
1 creature vanquished.

Notes
Turn   | Place    | Note
-------+----------+-------------------------------------------
     0 | D:1      | ChiefBigBeans the Merfolk Venom Mage began the quest for
                  | the Orb.
     0 | D:1      | Reached XP level 1. HP: 13/13 MP: 3/3
    78 | D:1      | Found a faded altar of an unknown god.
    99 | D:1      | Slain by a jackal

Illustrated notes

Levels and vault maps discovered:
D:1:      psy_arrival_conway, layout_basic,
          dreamdust_ecumenical_altar_drowned_temple

Action                   || total
-------------------------++-------
Melee: Unarmed           ||     5
 Cast: Sting             ||     5
Armor: Robe              ||     4
Dodge: Dodged            ||    18
